[Event "17th Asian Continental-ch Women 2018"]
[Site "Makati City"]
[Date "2018.12.10"]
[Round "1.4"]
[White "Wang, Jue"]
[Black "Secopito, Catherine"]
[Result "1-0"]
[ECO "C42"]
[WhiteElo "2367"]
[BlackElo "2145"]
[PlyCount "45"]
[EventDate "2018.12.07"]
[EventType "swiss"]
[EventCountry "PHI"]
[TimeControl "40/5400+30:1800+30"]

1. e4 e5 2. Nf3 Nf6 3. Nxe5 d6 4. Nf3 Nxe4 5. Nc3 Nxc3 6. dxc3 Be7 7. Be3 Nc6 8. Bd3 Be6 9. Qe2 Qd7 10. O-O-O a6 11. Kb1 O-O 12. h3 b5 13. g4 Rfe8 14. Rhe1 b4 15. c4 Bf6 16. Nd2 Na5 17. Ne4 Be7 18. Nc5 Qc8 19. Nxe6 Qxe6 20. Qf1 Qd7 21. Be4 c6 22. Bb6 Nb7 23. Bf5 1-0

[Event "17th Asian Continental-ch Women 2018"]
[Site "Makati City"]
[Date "2018.12.10"]
[Round "1.5"]
[White "Fronda, Jan Jodilyn"]
[Black "Aulia, Medina Warda"]
[Result "0-1"]
[ECO "C01"]
[WhiteElo "2139"]
[BlackElo "2366"]
[PlyCount "80"]
[EventDate "2018.12.07"]
[EventType "swiss"]
[EventCountry "PHI"]
[TimeControl "40/5400+30:1800+30"]

1. e4 e6 2. d4 d5 3. exd5 exd5 4. c4 Nf6 5. Nc3 Be7 6. Nf3 O-O 7. Bd3 dxc4 8. Bxc4 Bg4 9. Be3 Nc6 10. O-O a6 11. Rc1 Qd6 12. Be2 Rad8 13. Qb3 Qb4 14. Qxb4 Nxb4 15. h3 Be6 16. Bg5 h6 17. Bxf6 Bxf6 18. a3 Nc6 19. d5 Bxd5 20. Nxd5 Rxd5 21. Bxa6 bxa6 22. Rxc6 Bxb2 23. Rxc7 Bxa3 24. Ra1 Bb4 25. Rxa6 Rd1+ 26. Kh2 Bd6+ 27. Rxd6 Rxd6 28. g4 Re8 29. Rc2 g5 30. h4 Rd3 31. Kg2 Re4 32. Nh2 gxh4 33. f3 Red4 34. Kh3 Rd2 35. Rc8+ Kg7 36. Rc3 Rf2 37. g5 hxg5 38. Ng4 Re2 39. Rc5 f6 40. Rc3 Rd1 0-1

[Event "17th Asian Continental-ch Women 2018"]
[Site "Makati City"]
[Date "2018.12.10"]
[Round "1.6"]
[White "Pham, Le Thao Nguyen"]
[Black "Bach, Ngoc Thuy Duong"]
[Result "1-0"]
[ECO "D02"]
[WhiteElo "2363"]
[BlackElo "2131"]
[PlyCount "113"]
[EventDate "2018.12.07"]
[EventType "swiss"]
[EventCountry "PHI"]
[TimeControl "40/5400+30:1800+30"]

1. d4 d5 2. Nf3 Nf6 3. Bf4 c5 4. e3 Nc6 5. Nbd2 Bg4 6. c3 e6 7. Qa4 Bxf3 8. Nxf3 Qb6 9. Qb3 Be7 10. Be2 O-O 11. Nd2 Rfc8 12. h3 Na5 13. Qxb6 axb6 14. O-O Nc6 15. a3 Nd7 16. Rad1 h6 17. g4 Bf6 18. Nf3 Nf8 19. h4 Bd8 20. Bd6 Be7 21. Bg3 Na5 22. Nd2 Ng6 23. h5 Nf8 24. Kg2 Nc6 25. Kh3 Nh7 26. f4 Rf8 27. Bh4 Rae8 28. Nf3 Bxh4 29. Kxh4 g6 30. Bd3 Kg7 31. Rg1 Ne7 32. Rd2 f6 33. hxg6 Nxg6+ 34. Bxg6 Kxg6 35. Rh2 Rh8 36. Kg3 Nf8 37. Rgh1 Rh7 38. Rh5 Kg7 39. Kf2 cxd4 40. Nxd4 Rc8 41. Ke2 Re8 42. Kd2 Rc8 43. Kc2 Re8 44. R1h2 Rc8 45. Kb3 Rc4 46. e4 Rc5 47. exd5 Rxd5 48. Nxe6+ Nxe6 49. Rxd5 Nxf4 50. Rd6 Kg6 51. Rf2 Kg5 52. Rxb6 Re7 53. Rb4 Nh3 54. Rf5+ Kg6 55. Rb6 Rf7 56. a4 Ng5 57. Rfb5 1-0

[Event "17th Asian Continental-ch Women 2018"]
[Site "Makati City"]
[Date "2018.12.10"]
[Round "1.7"]
[White "San Diego, Marie Antoinette"]
[Black "Vo, Thi Kim Phung"]
[Result "1/2-1/2"]
[ECO "D35"]
[WhiteElo "2111"]
[BlackElo "2352"]
[PlyCount "114"]
[EventDate "2018.12.07"]
[EventType "swiss"]
[EventCountry "PHI"]
[TimeControl "40/5400+30:1800+30"]

1. d4 d5 2. c4 e6 3. Nc3 Nf6 4. cxd5 exd5 5. Bg5 c6 6. e3 Bd6 7. Bd3 h6 8. Bh4 Be6 9. Nge2 Nbd7 10. Qc2 Qb8 11. Bg3 O-O 12. O-O Rc8 13. b4 a5 14. a3 Bxg3 15. hxg3 axb4 16. axb4 b5 17. Rxa8 Qxa8 18. Nf4 Nb6 19. Nxe6 fxe6 20. Ne2 Nc4 21. Nf4 Re8 22. Qc3 g5 23. Ng6 Qb7 24. Ne5 Ra8 25. Bb1 Ra3 26. Qc1 Qa6 27. Qc2 Qb7 28. Qc1 Rb3 29. f4 g4 30. f5 Nxe3 31. fxe6 Nxf1 32. Qxf1 Qe7 33. Qf5 Rxb4 34. Nxc6 Rxb1+ 35. Qxb1 Qxe6 36. Qg6+ Kf8 37. Qxh6+ Ke8 38. Qg6+ Qf7 39. Qf5 Nd7 40. Qxg4 Kf8 41. Qe2 Qg7 42. Qxb5 Qxg3 43. Qb4+ Kg8 44. Ne7+ Kf7 45. Nxd5 Ke6 46. Qc3 Qg4 47. Qc6+ Kf7 48. Qc4 Kg7 49. Ne3 Qf4 50. Qd3 Nf6 51. d5 Kf7 52. d6 Kf8 53. Nd1 Ke8 54. Qe3+ Qe4 55. g4 Qxe3+ 56. Nxe3 Nxg4 57. Nxg4 Kd7 1/2-1/2

[Event "17th Asian Continental-ch Women 2018"]
[Site "Makati City"]
[Date "2018.12.10"]
[Round "1.8"]
[White "Padmini, Rout"]
[Black "Galas, Bernadette"]
[Result "1-0"]
[ECO "A49"]
[WhiteElo "2345"]
[BlackElo "2100"]
[PlyCount "81"]
[EventDate "2018.12.07"]
[EventType "swiss"]
[EventCountry "PHI"]
[TimeControl "40/5400+30:1800+30"]

1. Nf3 d6 2. d4 Nf6 3. g3 g6 4. b3 Bg7 5. Bb2 O-O 6. Bg2 c6 7. O-O Nbd7 8. Nbd2 Qc7 9. e4 Ne8 10. a4 b6 11. Re1 e5 12. Nc4 Ba6 13. dxe5 dxe5 14. Bf1 Rd8 15. Qc1 Bxc4 16. Bxc4 Nd6 17. Bf1 Rfe8 18. Ba3 Nf6 19. Bd3 Qc8 20. Kg2 c5 21. Qb1 Nh5 22. Bc1 h6 23. Ra2 f5 24. c3 f4 25. Nd2 fxg3 26. fxg3 Qg4 27. Nf3 Rf8 28. Rf2 Kh8 29. Qc2 g5 30. Ref1 Qe6 31. Qe2 Nf6 32. Nd2 g4 33. Nc4 Nxc4 34. Bxc4 Qc6 35. Re1 Qc8 36. Rf5 Rde8 37. Ref1 Qb7 38. Kg1 Nxe4 39. Rf7 Qc6 40. Bb5 Nxc3 41. Qxg4 1-0

[Event "17th Asian Continental-ch Women 2018"]
[Site "Makati City"]
[Date "2018.12.10"]
[Round "1.9"]
[White "Mordido, Kylen Joy"]
[Black "Hoang, Thi Bao Tram"]
[Result "0-1"]
[ECO "D11"]
[WhiteElo "2045"]
[BlackElo "2314"]
[PlyCount "68"]
[EventDate "2018.12.07"]
[EventType "swiss"]
[EventCountry "PHI"]
[TimeControl "40/5400+30:1800+30"]

1. c4 c6 2. d4 d5 3. Nf3 Nf6 4. g3 Bf5 5. Nc3 e6 6. Bg2 Be7 7. O-O O-O 8. b3 Ne4 9. Bb2 Nd7 10. e3 Bg6 11. Nd2 Ndf6 12. Ndxe4 Nxe4 13. Nxe4 Bxe4 14. f3 Bg6 15. Qe2 a5 16. c5 b6 17. cxb6 Qxb6 18. Rfc1 a4 19. bxa4 Rxa4 20. Rc3 Rfa8 21. Rb3 Rb4 22. Rxb4 Qxb4 23. a3 Qb3 24. Qd2 Rb8 25. Bc1 c5 26. Ra2 Qa4 27. Rb2 Rc8 28. Rb7 Bf8 29. Bb2 c4 30. Qc3 Qa6 31. Rb4 Bxb4 32. Qxb4 c3 33. Bxc3 Qe2 34. Bd2 Bd3 0-1

[Event "17th Asian Continental-ch Women 2018"]
[Site "Makati City"]
[Date "2018.12.10"]
[Round "1.10"]
[White "Gong, Qianyun"]
[Black "Zhang, Xiao"]
[Result "1-0"]
[ECO "D02"]
[WhiteElo "2312"]
[BlackElo "2017"]
[PlyCount "69"]
[EventDate "2018.12.07"]
[EventType "swiss"]
[EventCountry "PHI"]
[TimeControl "40/5400+30:1800+30"]

1. d4 d5 2. Bf4 Nf6 3. e3 c5 4. Nf3 Nc6 5. Nbd2 Bg4 6. h3 Bh5 7. c3 e6 8. Qa4 Be7 9. Ne5 Qb6 10. Bb5 Rc8 11. dxc5 Bxc5 12. Nb3 Ne4 13. O-O a6 14. Bd3 f6 15. Nc4 Qa7 16. Nxc5 Qxc5 17. b4 Qe7 18. Bxe4 dxc4 19. b5 axb5 20. Qxb5 Bf7 21. Rab1 e5 22. Bg3 Rc7 23. f4 O-O 24. fxe5 fxe5 25. Rxf7 Kxf7 26. Qxc4+ Ke8 27. Rxb7 Rxb7 28. Bxc6+ Kd8 29. Qd5+ Rd7 30. Qa5+ Ke8 31. Qb5 Rf5 32. e4 Rf8 33. Bxe5 Qf7 34. Bd4 g6 35. Bc5 1-0

[Event "17th Asian Continental-ch Women 2018"]
[Site "Makati City"]
[Date "2018.12.10"]
[Round "1.11"]
[White "Bernales, Christy Lamiel"]
[Black "Alinasab, Mobina"]
[Result "0-1"]
[ECO "B92"]
[WhiteElo "1996"]
[BlackElo "2295"]
[PlyCount "72"]
[EventDate "2018.12.07"]
[EventType "swiss"]
[EventCountry "PHI"]
[TimeControl "40/5400+30:1800+30"]

1. e4 c5 2. Nf3 d6 3. d4 cxd4 4. Nxd4 Nf6 5. Nc3 a6 6. Be2 e5 7. Nb3 Be7 8. Be3 Be6 9. O-O O-O 10. Qd2 Nbd7 11. Rad1 Rc8 12. Rfe1 Qc7 13. Bg5 b5 14. a3 Rfd8 15. Qe3 Nb6 16. Qg3 Na4 17. Bxf6 Bxf6 18. Nxa4 bxa4 19. Nc1 Qb7 20. b3 Rxc2 21. bxa4 Qc6 22. a5 Rc3 23. Nd3 Qxe4 24. Bf1 Qa4 25. Qe3 Rxa3 26. Qa7 Qxa5 27. Rc1 h6 28. h3 Bg5 29. Rcd1 Bb3 30. Rb1 Bc2 31. Nb4 Bxb1 32. Rxb1 Qc5 33. Qb7 Bh4 34. Rb2 Ra1 35. Nd3 Qd4 36. Rb3 e4 0-1

[Event "17th Asian Continental-ch Women 2018"]
[Site "Makati City"]
[Date "2018.12.10"]
[Round "1.12"]
[White "Nandhidhaa, P V"]
[Black "Anisa, Aay Aisyah"]
[Result "1/2-1/2"]
[ECO "D79"]
[WhiteElo "2267"]
[BlackElo "1985"]
[PlyCount "84"]
[EventDate "2018.12.07"]
[EventType "swiss"]
[EventCountry "PHI"]
[TimeControl "40/5400+30:1800+30"]

1. Nf3 Nf6 2. g3 c5 3. Bg2 g6 4. c3 Bg7 5. d4 cxd4 6. cxd4 O-O 7. O-O d5 8. Nc3 Nc6 9. Ne5 Bf5 10. Nxc6 bxc6 11. Na4 Nd7 12. Bg5 h6 13. Be3 Qa5 14. b3 Rac8 15. Rc1 Rfd8 16. Bd2 Qa6 17. Bb4 e5 18. dxe5 Nxe5 19. Qd2 Nd7 20. Bc3 Bf8 21. Qd4 f6 22. Rfe1 Be6 23. Qf4 g5 24. Qf3 Kg7 25. h4 c5 26. hxg5 hxg5 27. Qh5 Kg8 28. Rcd1 d4 29. Be4 Bg7 30. Bb2 f5 31. Bb1 g4 32. Bxf5 Nf6 33. Bxe6+ Qxe6 34. Qg5 Ne4 35. Qc1 Qf5 36. Qf4 Rf8 37. Qxf5 Rxf5 38. f3 gxf3 39. exf3 Nxg3 40. Kf2 Nh5 41. Bc1 Rcf8 42. Rd3 Bf6 1/2-1/2

[Event "17th Asian Continental-ch Women 2018"]
[Site "Makati City"]
[Date "2018.12.10"]
[Round "1.13"]
[White "Mejia, Cherry Ann"]
[Black "Nguyen, Thi Thanh An"]
[Result "1/2-1/2"]
[ECO "E62"]
[WhiteElo "1980"]
[BlackElo "2262"]
[PlyCount "104"]
[EventDate "2018.12.07"]
[EventType "swiss"]
[EventCountry "PHI"]
[TimeControl "40/5400+30:1800+30"]

1. d4 Nf6 2. c4 g6 3. g3 Bg7 4. Bg2 O-O 5. Nc3 d6 6. Nf3 Nc6 7. O-O Bg4 8. h3 Bxf3 9. Bxf3 Nd7 10. e3 e5 11. Bxc6 bxc6 12. dxe5 Nxe5 13. Qe2 Qc8 14. f4 Nd7 15. Bd2 Re8 16. Kh2 Qa6 17. Rfe1 Nc5 18. b3 Re7 19. Rac1 Rae8 20. b4 Ne4 21. Nxe4 Rxe4 22. Rc2 Qa4 23. Qd3 h5 24. Qb3 Qa6 25. a4 Qc8 26. Rg1 Qe6 27. Bc1 Bf6 28. Qd3 Kg7 29. Qf1 Qf5 30. Qd1 c5 31. b5 Qe6 32. Qd3 Qf5 33. Qd1 Rd8 34. g4 hxg4 35. hxg4 Qe6 36. Qe2 Bd4 37. Rg3 Re8 38. Kg2 Bxe3 39. Bxe3 Rxe3 40. Rxe3 Qxe3 41. Qxe3 Rxe3 42. a5 Kf6 43. Kf2 Ra3 44. a6 Ke6 45. Re2+ Kd7 46. f5 gxf5 47. gxf5 Ra4 48. f6 Rxc4 49. Re7+ Kd8 50. Rxf7 Rb4 51. Ke3 Rxb5 52. Rh7 Ke8 1/2-1/2

[Event "17th Asian Continental-ch Women 2018"]
[Site "Makati City"]
[Date "2018.12.10"]
[Round "1.14"]
[White "Munkhzul, Turmunkh"]
[Black "Doroy Allaney Jia G"]
[Result "1-0"]
[ECO "B38"]
[WhiteElo "2255"]
[BlackElo "1972"]
[PlyCount "113"]
[EventDate "2018.12.07"]
[EventType "swiss"]
[EventCountry "PHI"]
[TimeControl "40/5400+30:1800+30"]

1. e4 c5 2. Nf3 g6 3. d4 cxd4 4. Nxd4 Bg7 5. c4 Nc6 6. Be3 Nf6 7. Nc3 O-O 8. Be2 d6 9. O-O Bd7 10. Qd2 Rc8 11. f3 Re8 12. Rac1 Qa5 13. Nb3 Qd8 14. Nd5 Be6 15. Rfd1 b6 16. Nd4 Nxd4 17. Bxd4 Nd7 18. Be3 Nb8 19. b4 Bd7 20. Nc3 Be6 21. Nb5 Nc6 22. a3 Ne5 23. Nxa7 Nxc4 24. Bxc4 Rxc4 25. Qf2 Qc7 26. Rxc4 Qxc4 27. Qf1 Qa2 28. Qb5 Rf8 29. Nc6 Bf6 30. Qxb6 Qxa3 31. Bd4 Qb3 32. Rc1 Bxd4+ 33. Qxd4 Re8 34. Na5 Qa4 35. Qb6 Bd7 36. h3 Bb5 37. Qd4 Qa2 38. Kh2 Qe6 39. Nc6 Ra8 40. Na5 Rc8 41. Rxc8+ Qxc8 42. Qb6 Ba4 43. b5 Qc1 44. Qc6 Qg5 45. Qc8+ Kg7 46. Qc3+ f6 47. b6 Bb5 48. b7 Bf1 49. Qb2 Bxg2 50. Qxg2 Qb5 51. Qc2 h5 52. Kg2 h4 53. Kf2 g5 54. Qb3 Qc5+ 55. Ke2 Qxa5 56. b8=Q Qa6+ 57. Kf2 1-0

[Event "17th Asian Continental-ch Women 2018"]
[Site "Makati City"]
[Date "2018.12.10"]
[Round "1.15"]
[White "Doan, Thi Van Anh"]
[Black "Ning, Kaiyu"]
[Result "0-1"]
[ECO "C01"]
[WhiteElo "1950"]
[BlackElo "2247"]
[PlyCount "182"]
[EventDate "2018.12.07"]
[EventType "swiss"]
[EventCountry "PHI"]
[TimeControl "40/5400+30:1800+30"]

1. e4 e6 2. d4 d5 3. exd5 exd5 4. Nf3 Bd6 5. Bd3 Nc6 6. c3 h6 7. O-O Qf6 8. Re1+ Nge7 9. Qb3 O-O 10. Nbd2 a6 11. Nf1 Bg4 12. N3d2 Rfe8 13. f3 Be6 14. Re2 Ng6 15. Bxg6 Qxg6 16. Ne3 b5 17. Ndf1 Re7 18. Bd2 Na5 19. Qd1 Rae8 20. a4 Nc4 21. axb5 axb5 22. Bc1 Bf5 23. b3 Nxe3 24. Rxe3 Bc2 25. Qe2 Bxb3 26. Qxb5 Bc4 27. Qxe8+ Rxe8 28. Rxe8+ Kh7 29. Bd2 Qc2 30. Be1 Bb5 31. Re3 Bf4 32. Re7 Qd3 33. Bf2 Qxc3 34. Rae1 f5 35. Rf7 Qd3 36. Ng3 Kg6 37. Rfe7 Bd6 38. R7e3 Qd2 39. Re6+ Kh7 40. Nxf5 Bb4 41. g4 Bd7 42. R6e5 Bxf5 43. Rxf5 c5 44. dxc5 Bxc5 45. Rf1 Bd6 46. h4 d4 47. Re1 d3 48. Rd5 Bc7 49. Re7 Qc1+ 50. Kg2 d2 51. Bd4 d1=Q 52. Rxg7+ Kh8 53. Rxc7+ Qxd4 54. Rxd4 Qxc7 55. Rd5 Qe7 56. Kh3 Qe3 57. Rf5 Qf2 58. h5 Kg7 59. Rf4 Qe3 60. Rf5 Kg8 61. Kg3 Qd2 62. Kh3 Qc1 63. Kg3 Kg7 64. Kg2 Qe1 65. Kh3 Qd2 66. Kg3 Qe3 67. Kg2 Qd3 68. Kg3 Qf1 69. Kh2 Qf2+ 70. Kh3 Kg8 71. Rf4 Qd2 72. Rf5 Qd8 73. Kg3 Kg7 74. Kg2 Qh4 75. Rf4 Kh7 76. Rf5 Kg7 77. Rf4 Qe7 78. Rf5 Qd8 79. Kg1 Qd2 80. Kf1 Qh2 81. Ke1 Qg2 82. Kd1 Qf2 83. Rf4 Qa2 84. Rf5 Qb2 85. Ke1 Qc2 86. Kf1 Qd2 87. Kg1 Qe2 88. Kh1 Qf2 89. Rf4 Qe1+ 90. Kg2 Qd2+ 91. Kg3 Qd6 0-1

[Event "17th Asian Continental-ch Women 2018"]
[Site "Makati City"]
[Date "2018.12.10"]
[Round "1.16"]
[White "Gu, Tianlu"]
[Black "Karenza, Dita"]
[Result "1-0"]
[ECO "B36"]
[WhiteElo "2231"]
[BlackElo "1944"]
[PlyCount "95"]
[EventDate "2018.12.07"]
[EventType "swiss"]
[EventCountry "PHI"]
[TimeControl "40/5400+30:1800+30"]

1. e4 c5 2. Nf3 g6 3. c4 Nc6 4. d4 cxd4 5. Nxd4 Nf6 6. Nc3 d6 7. Be2 Nxd4 8. Qxd4 Bg7 9. Be3 O-O 10. Qd2 a5 11. f3 a4 12. Kf2 Qa5 13. Rab1 Rd8 14. Rhd1 Be6 15. Nb5 Rdc8 16. Qxa5 Rxa5 17. Rdc1 Ne8 18. Nc3 f5 19. Nd5 Kf8 20. Bd2 Ra6 21. Bc3 Bh6 22. Rd1 Rac6 23. Bd4 Bf7 24. Kf1 Ra8 25. Bd3 e6 26. Nb6 Ra5 27. b4 axb3 28. axb3 Bg7 29. b4 Ra2 30. Bg1 Rc7 31. c5 d5 32. exd5 exd5 33. Bb5 Nf6 34. Bd4 h5 35. Ra1 Rxa1 36. Rxa1 Ne8 37. Bxg7+ Nxg7 38. Rd1 f4 39. Nxd5 Bxd5 40. Rxd5 Nf5 41. Kf2 h4 42. Rd7 Rxd7 43. Bxd7 Nd4 44. Bc8 Nc6 45. b5 Na7 46. c6 b6 47. Ba6 Ke7 48. Ke2 1-0

[Event "17th Asian Continental-ch Women 2018"]
[Site "Makati City"]
[Date "2018.12.10"]
[Round "1.17"]
[White "Nithyalakshmi, Sivanesan"]
[Black "Frayna, Janelle Mae"]
[Result "1/2-1/2"]
[ECO "A01"]
[WhiteElo "1942"]
[BlackElo "2228"]
[PlyCount "82"]
[EventDate "2018.12.07"]
[EventType "swiss"]
[EventCountry "PHI"]
[TimeControl "40/5400+30:1800+30"]

1. b3 e5 2. Bb2 Nc6 3. e3 Nf6 4. Bb5 Bd6 5. Bxc6 dxc6 6. d3 O-O 7. Nd2 Re8 8. e4 Bg4 9. Ne2 Nh5 10. f3 Be6 11. O-O Bc5+ 12. Kh1 Qg5 13. Qe1 Be3 14. Rd1 Rad8 15. Nb1 Bc8 16. Na3 Nf4 17. Nxf4 Bxf4 18. g3 Bh3 19. Rg1 Be3 20. Bc1 Bxc1 21. Rxc1 f5 22. Nc4 fxe4 23. Qxe4 b5 24. Na5 Re6 25. Rce1 Rf8 26. Nxc6 Qf6 27. Qd5 Qxf3+ 28. Qxf3 Rxf3 29. Nxe5 Rf2 30. g4 h5 31. gxh5 Rxc2 32. Rg3 Bf5 33. Rg5 Rf2 34. Kg1 Rf4 35. Kg2 Rf6 36. Kg3 Bxd3 37. Rc1 R4f5 38. Rxf5 Bxf5 39. Rxc7 a6 40. Nc6 Be4 41. Ne5 Bf5 1/2-1/2

[Event "17th Asian Continental-ch Women 2018"]
[Site "Makati City"]
[Date "2018.12.10"]
[Round "1.18"]
[White "Citra, Dewi Ardhiani Anast"]
[Black "San Diego, Jerlyn Mae"]
[Result "1-0"]
[ECO "A40"]
[WhiteElo "2215"]
[BlackElo "1932"]
[PlyCount "101"]
[EventDate "2018.12.07"]
[EventType "swiss"]
[EventCountry "PHI"]
[TimeControl "40/5400+30:1800+30"]

1. d4 g6 2. Bf4 Bg7 3. Nc3 d6 4. Qd2 Nd7 5. e4 e5 6. Bg5 f6 7. Be3 exd4 8. Bxd4 Ne5 9. f4 Bh6 10. h3 Be6 11. Qf2 Nc4 12. Nd5 Bxd5 13. exd5 Qe7+ 14. Ne2 Nb6 15. O-O-O Nxd5 16. g3 Nb6 17. Bg2 O-O-O 18. Rhe1 Qd7 19. Qf3 c6 20. Qa3 Kb8 21. Bc5 Bf8 22. Nd4 Nc8 23. Ne6 Re8 24. Nxf8 Rxf8 25. Bxd6+ Nxd6 26. Rxd6 Qc8 27. Qb4 c5 28. Qb5 Nh6 29. Re7 Rf7 30. Rdd7 Rxe7 31. Rxe7 b6 32. Rb7+ Qxb7 33. Bxb7 Kxb7 34. Qd7+ Ka6 35. Qg7 Rc8 36. Qxh6 Rc7 37. f5 gxf5 38. Qxf6 Kb5 39. Qxf5 Kc6 40. g4 Re7 41. g5 Kd6 42. h4 b5 43. b3 a5 44. h5 a4 45. g6 hxg6 46. Qxg6+ Ke5 47. h6 axb3 48. axb3 Re6 49. Qg7+ Kd6 50. h7 Re8 51. h8=Q 1-0

[Event "17th Asian Continental-ch Women 2018"]
[Site "Makati City"]
[Date "2018.12.10"]
[Round "1.19"]
[White "Wang, Ying"]
[Black "Li, Yunshan"]
[Result "0-1"]
[ECO "D94"]
[WhiteElo "1324"]
[BlackElo "2196"]
[PlyCount "108"]
[EventDate "2018.12.07"]
[EventType "swiss"]
[EventCountry "PHI"]
[TimeControl "40/5400+30:1800+30"]

1. Nf3 Nf6 2. d4 g6 3. c4 Bg7 4. Nc3 d5 5. e3 O-O 6. Be2 e6 7. O-O b6 8. a3 Bb7 9. Ne5 Nbd7 10. Bf3 Nxe5 11. dxe5 Ne4 12. cxd5 Nxc3 13. bxc3 exd5 14. Bb2 Bxe5 15. Qb3 c6 16. Rad1 Qc7 17. g3 Rad8 18. Bg2 Rd7 19. f4 Bg7 20. Bh3 Re7 21. Bc1 Bc8 22. f5 Qe5 23. g4 Qxc3 24. Qxc3 Bxc3 25. Rf3 Be5 26. f6 Re6 27. g5 Rd6 28. Bxc8 Rxc8 29. h4 h5 30. Rd2 Re6 31. Bb2 Bxb2 32. Rxb2 Re4 33. Rh3 Rce8 34. Kf2 Rc4 35. Rb3 Ree4 36. Rb4 Rxb4 37. axb4 Rxb4 38. Rh1 a5 39. Rc1 Rc4 40. Rb1 b5 41. Ke2 a4 42. Kd3 Rxh4 43. Rc1 Rc4 44. Ra1 h4 45. Ra3 h3 46. Ra2 Rh4 47. Rh2 b4 48. Kc2 c5 49. Kb2 c4 50. Ka2 c3 51. Ka1 b3 52. Rh1 h2 53. e4 Rg4 54. Rb1 Rg1 0-1

[Event "17th Asian Continental-ch Women 2018"]
[Site "Makati City"]
[Date "2018.12.11"]
[Round "2"]
[White "Zhu, Jiner"]
[Black "Gong, Qianyun"]
[Result "1-0"]
[ECO "C17"]
[WhiteElo "2409"]
[BlackElo "2312"]
[Annotator "NA"]
[PlyCount "97"]
[EventDate "2018.12.07"]
[EventType "swiss"]
[EventCountry "PHI"]
[SourceTitle "playchess.com"]
[Source "ChessBase"]
[SourceQuality "1"]
[TimeControl "40/5400+30:1800+30"]

1. e4 e6 2. d4 d5 3. Nc3 Bb4 4. e5 c5 5. dxc5 Ne7 6. Nf3 $1 Nd7 7. Bd3 {[%emt 0:01:07] C17: French: 3 Nc3 Bb4 4 e5 c5 sidelines} Qc7 (7... Nxc5 8. O-O Nxd3 9. cxd3 Bd7 10. Ne2 Nc6 11. d4 Be7 12. Nf4 h5 13. Nh3 Qb6 14. Bg5 f6 {½-½ (46) Dominguez Perez,L (2739)-Ivanchuk,V (2747) Doha 2016}) 8. O-O Bxc3 {[%emt 0:07:16] LiveBook: 13 Games} 9. bxc3 Nxe5 10. Bf4 Nxf3+ 11. Qxf3 e5 $1 12. Bg3 $146 ({Predecessor:} 12. Bb5+ Kf8 13. Bg3 Qxc5 {1-0 (28) Xu,H (2079)-Liew Chee Meng,J (2299) Kuala Lumpur 2010}) 12... f6 13. c4 Be6 14. cxd5 Bxd5 15. Qe3 g5 16. Rae1 O-O-O 17. f3 Kb8 $2 (17... Bc6 $15 {stays ahead.}) 18. a4 Bc6 19. Bc4 ({Better is} 19. Be4 $15) 19... Nf5 ({Don't take} 19... Bxa4 20. Qa3 $15) 20. Qb3 Nxg3 21. hxg3 h5 22. Rd1 h4 23. gxh4 Rxh4 24. Bb5 Bxb5 25. Qxb5 Rhd4 26. Rxd4 Rxd4 27. Rb1 a6 28. Qb6 Rc4 29. Qxa6 Rxc2 30. Qxf6 Qxc5+ 31. Kh2 Qd4 32. Qxg5 Rc8 33. Rb5 Rh8+ 34. Kg3 Re8 35. Qg4 Qd6 36. Qg7 Re7 37. Qg8+ Ka7 38. Ra5+ Kb6 39. Qb3+ Kc7 40. Qc4+ Kb8 41. Qg8+ Kc7 42. Rd5 Re8 43. Qf7+ Re7 44. Rxd6 Rxf7 45. Re6 Rg7+ 46. Kf2 Rg5 47. Re7+ Kb6 48. g4 Ka6 49. Ke3 1-0

[Event "17th Asian Continental-ch Women 2018"]
[Site "Makati City"]
[Date "2018.12.11"]
[Round "2"]
[White "Munkhzul, Turmunkh"]
[Black "Wang, Jue"]
[Result "1-0"]
[ECO "B90"]
[WhiteElo "2255"]
[BlackElo "2367"]
[Annotator "ChessBase"]
[PlyCount "115"]
[EventDate "2018.12.07"]
[EventType "swiss"]
[EventCountry "PHI"]
[SourceTitle "playchess.com"]
[Source "ChessBase"]
[SourceQuality "1"]
[TimeControl "40/5400+30:1800+30"]

1. e4 c5 2. Nf3 d6 3. d4 cxd4 4. Nxd4 Nf6 5. Nc3 a6 6. Be3 e5 7. Nb3 Be6 8. f3 h5 9. Nd5 Bxd5 10. exd5 Nbd7 11. Qd2 g6 12. Be2 Bg7 13. O-O Qc7 14. c4 a5 15. a4 b6 16. Nc1 Nc5 17. b4 axb4 18. Qxb4 Nfd7 19. Ra3 O-O 20. Na2 e4 21. f4 Nd3 22. Bxd3 exd3 23. Nc3 Nc5 24. Nb5 Qe7 25. Bxc5 dxc5 26. Qd2 Qe4 27. Qxd3 Qxd3 28. Rxd3 Rxa4 29. Rc1 Rd8 30. Kf2 Bf8 31. Kf3 Bd6 32. Ra3 Rxa3+ 33. Nxa3 Kf8 34. Nb5 Ke7 35. Re1+ Kd7 36. Ra1 Kc8 37. Ra6 Bc7 38. Nxc7 Kxc7 39. Ra7+ Kd6 40. Rb7 b5 41. Rb6+ Ke7 42. Rxb5 Rc8 43. Ke4 Rc7 44. Rb6 Ra7 45. Ke5 Ra2 46. Rb7+ Ke8 47. Kd6 f5 48. g3 Rxh2 49. Kxc5 Rg2 50. d6 Rxg3 51. Kc6 g5 52. fxg5 f4 53. Rb8+ Kf7 54. d7 Rd3 55. d8=Q Rxd8 56. Rxd8 Kg6 57. Kd5 Kxg5 58. Ke4 1-0

[Event "17th Asian Continental-ch Women 2018"]
[Site "Makati City"]
[Date "2018.12.11"]
[Round "2.4"]
[White "Aulia, Medina Warda"]
[Black "Gu, Tianlu"]
[Result "1/2-1/2"]
[ECO "A00"]
[WhiteElo "2366"]
[BlackElo "2231"]
[PlyCount "94"]
[EventDate "2018.12.07"]
[EventType "swiss"]
[EventCountry "PHI"]
[TimeControl "40/5400+30:1800+30"]

1. e4 e5 2. Nf3 Nc6 3. Bb5 a6 4. Ba4 Nf6 5. O-O Be7 6. Re1 b5 7. Bb3 d6 8. c3 O-O 9. d3 Na5 10. Bc2 c5 11. Nbd2 Re8 12. Nf1 Bf8 13. h3 g6 14. d4 exd4 15. cxd4 cxd4 16. Nxd4 Bb7 17. Ng3 Bg7 18. Bf4 d5 19. e5 Ne4 20. Nf3 Nc4 21. Nxe4 dxe4 22. Bxe4 Bxe4 23. Rxe4 Nxb2 24. Qb3 Nc4 25. Rd1 Qc8 26. Rde1 Qc5 27. h4 h6 28. Qc2 Rac8 29. Qc1 Qf8 30. Qb1 Qa3 31. h5 Qb2 32. hxg6 fxg6 33. Qd3 Rcd8 34. Qb3 g5 35. Bg3 Qxb3 36. axb3 Nd2 37. Nxd2 Rxd2 38. e6 a5 39. Bc7 Bd4 40. R1e2 Rxe2 41. Rxe2 a4 42. bxa4 bxa4 43. Bd6 Kg7 44. Ba3 Bf6 45. Re4 Kg6 46. g4 Be7 47. Bxe7 Rxe7 1/2-1/2

[Event "17th Asian Continental-ch Women 2018"]
[Site "Makati City"]
[Date "2018.12.11"]
[Round "2.5"]
[White "Ning, Kaiyu"]
[Black "Pham, Le Thao Nguyen"]
[Result "0-1"]
[ECO "A00"]
[WhiteElo "2247"]
[BlackElo "2363"]
[PlyCount "88"]
[EventDate "2018.12.07"]
[EventType "swiss"]
[EventCountry "PHI"]
[TimeControl "40/5400+30:1800+30"]

1. d4 d5 2. c4 c6 3. Nf3 Nf6 4. e3 Bg4 5. Nbd2 Nbd7 6. Qc2 e6 7. Bd3 Bd6 8. c5 Bc7 9. b4 a6 10. Bb2 Qb8 11. O-O O-O 12. Rae1 Re8 13. a4 Bh5 14. b5 Ba5 15. bxc6 bxc6 16. Rb1 Qc7 17. Ne5 Bxd2 18. Nxd7 Nxd7 19. Qxd2 Bg6 20. Bxg6 hxg6 21. Bc3 Reb8 22. Ba5 Qc8 23. f4 Ra7 24. Bb6 Rab7 25. Qa5 Ra8 26. Rb2 Nf6 27. Qd2 Ne4 28. Qd3 g5 29. fxg5 Nxg5 30. Rbf2 Qe8 31. Rb2 Ne4 32. Rfb1 a5 33. Rb3 f5 34. R1b2 Qh5 35. Qe2 Qh6 36. Qe1 Kh7 37. Qf1 g5 38. g4 Kg6 39. Qg2 Qh4 40. Rb1 fxg4 41. Rf1 Rh7 42. Rb2 g3 43. hxg3 Nxg3 44. Rf3 Ne4 0-1

[Event "17th Asian Continental-ch Women 2018"]
[Site "Makati City"]
[Date "2018.12.11"]
[Round "2.6"]
[White "Li, Yunshan"]
[Black "Padmini, Rout"]
[Result "0-1"]
[ECO "A00"]
[WhiteElo "2196"]
[BlackElo "2345"]
[PlyCount "100"]
[EventDate "2018.12.07"]
[EventType "swiss"]
[EventCountry "PHI"]
[TimeControl "40/5400+30:1800+30"]

1. d4 e6 2. c4 b6 3. a3 Bb7 4. d5 Nf6 5. Nc3 Bd6 6. Nf3 O-O 7. g3 c6 8. Bg2 cxd5 9. cxd5 exd5 10. O-O Na6 11. Nd4 Nc5 12. Nb3 Qe7 13. Nxc5 Bxc5 14. Bg5 h6 15. Bxd5 hxg5 16. Bxb7 Rab8 17. Bg2 Qe5 18. Qd3 Bd4 19. Rac1 Rbc8 20. Qa6 Bxc3 21. Rxc3 Rxc3 22. bxc3 Qc7 23. e4 Re8 24. Qa4 g4 25. Rd1 Re5 26. Qd4 Rc5 27. Qd6 Qxd6 28. Rxd6 Kf8 29. h3 Ke7 30. Rd3 d6 31. hxg4 Nxg4 32. f4 Rb5 33. Bf3 Nf6 34. c4 Rb1+ 35. Kf2 Rc1 36. Rd4 Nd7 37. Be2 Nc5 38. e5 dxe5 39. fxe5 Ra1 40. Rh4 Rxa3 41. Rd4 Rb3 42. g4 a5 43. Rd1 a4 44. Ra1 a3 45. Ke1 Ke6 46. Bd1 Rh3 47. Kf2 Kxe5 48. Bf3 Kf4 49. Be2 Rb3 50. Ra2 Ne4+ 0-1